 Dungeon Crawl Stone Soup version 0.29.0-4-gdea44cf6ec (webtiles) character file.

Game seed: 62162372754795610

47 qw the Chopper (level 3, 0/21 HPs)
             Began as a Tengu Warper on Aug 28, 2022.
             Frozen to death by an endoplasm (2 damage)
             ... on level 2 of the Dungeon.
             The game lasted 00:00:07 (1157 turns).

qw the Chopper (Tengu Warper)                       Turns: 1157, Time: 00:00:07

Health: 0/21       AC: 12    Str: 11    XL:     3   Next: 70%
Magic:  7/7        EV:  5    Int: 17    God:
Gold:   30         SH:  0    Dex: 13    Spells: 6/6 levels left

rFire   . . .      SeeInvis .   Y - +0 hand axe
rCold   . . .      Faith    .   (no shield)
rNeg    + . .      Spirit   .   f - +4 chain mail of Too Many Cooks {rN+ Str-2 Int+4}
rPois   .          Reflect  .   (helmet restricted)
rElec   .          Harm     .   (no cloak)
rCorr   .          Rampage  .   (no gloves)
Will    .....                   (boots unavailable)
Stlth   ..........              (no amulet)
HPRegen 0.07/turn               (no ring)
MPRegen 0.10/turn               (no ring)

@: lethally poisoned (0 -> -3), about to teleport
A: beak, talons 3
a: no special abilities


You were on level 2 of the Dungeon.
You visited 1 branch of the dungeon, and saw 2 of its levels.

You collected 78 gold pieces.
You spent 48 gold pieces at shops.


Innate Abilities, Weirdness & Mutations

You have a beak for a mouth.
You have claws for feet.


   Skills:
 - Level 2.0 Fighting
 + Level 4.3 Axes
 - Level 1.0 Throwing
 - Level 1.1 Armour
 - Level 2.1 Dodging
 - Level 2.0 Spellcasting
 - Level 2.4 Translocations


You had 6 spell levels left.
You didn't know any spells.
Your spell library contained the following spells:

 Spells                   Type           Power      Damage    Failure   Level
 Blink                    Tloc           18%        N/A       100%        2
 Gell's Gravitas          Tloc           9%         N/A       100%        3
 Lesser Beckoning         Tloc           9%         N/A       100%        3
 Teleport Other           Tloc           9%         N/A       100%        3
 Manifold Assault         Tloc           9%         N/A       100%        5

Inventory:

Hand Weapons
 e - a +0 club
 Y - a +0 hand axe (weapon)
Missiles
 l - 3 javelins (quivered)
Armour
 f - the +4 chain mail of Too Many Cooks (worn) {rN+ Str-2 Int+4}
   (You acquired it on level 1 of the Dungeon)

   Str:       It affects your strength (-2).
   Int:       It affects your intelligence (+4).
   rN:        It protects you from negative energy.
Scrolls
 b - 3 scrolls of identify
 i - a scroll of enchant armour
Potions
 c - a potion of might {unknown}
 d - a potion of mutation {unknown}
 g - 2 potions of curing
 j - a potion of flight {unknown}
 m - a potion of heal wounds {unknown}

Dungeon Overview and Level Annotations

Branches:
Dungeon (2/15)

Altars:
Yredelemnul

Shops:
D:2 ?


Message History

You miss the adder. The adder bites you but does no damage.
You hit the adder. Your peck misses the adder.
The adder is lightly wounded.
The adder bites you but does no damage. x2
You hit the adder. You peck the adder.
The adder is moderately wounded.
The adder bites you.
You are poisoned.
The adder poisons you!
You hit the adder.
The adder is heavily wounded.
You feel sick.
The adder bites you but does no damage. x2
You hit the adder. Your kick misses the adder.
The adder is severely wounded.
You feel sick. The adder barely misses you.
You miss the adder. Your kick misses the adder. Your peck misses the adder.
The adder is severely wounded.
You hit the endoplasm but do no damage.
You feel sick. The endoplasm hits you. The adder barely misses you.
You barely miss the adder. Your kick misses the adder.
The adder is severely wounded.
You hit the endoplasm but do no damage.
You feel sick. The adder bites you but does no damage.
The endoplasm barely misses you. The adder bites you.
You are more poisoned.
The adder poisons you!
You hit the adder. Your peck misses the adder.
The adder is almost dead.
You hit the endoplasm.
You feel sick. The endoplasm freezes you.
You are frozen.
The adder bites you but does no damage.
1157 ||| READING scroll of teleportation.
As you read the scroll of teleportation, it crumbles to dust.
You feel strangely unstable.
You feel sick. The endoplasm freezes you.
You are frozen.
You die...

#........# #. ......
#........#####. ......
#.............. ......
#.............. ......#
#.............. .......
####.###.(..... .......
#.# #.......
......S######.# #.......
.....gJ@....#.###.......
..[..)#####.[.#....#####
....( ##.>..#### ....
###### ###


You could see an adder, an endoplasm and a hobgoblin.

Vanquished Creatures
  An adder (D:2)
  2 worms (D:2)
  2 dart slugs (D:1)
  5 ball pythons
  An endoplasm (D:2)
  2 giant cockroaches
  5 goblins
  4 quokkas
  3 bats
  2 frilled lizards (D:1)
  2 rats (D:1)
29 creatures vanquished.

Vanquished Creatures (others)
  A withered plant (D:1)
1 creature vanquished.

Grand Total: 30 creatures vanquished

Notes
Turn   | Place    | Note
-------+----------+-------------------------------------------
     0 | D:1      | qw the Tengu Warper began the quest for the Orb.
     0 | D:1      | Reached XP level 1. HP: 12/12 MP: 4/4
     0 | D:1      | 0 ||| qw: Version: 0.1-a-89-g26bdef1
     0 | D:1      | 0 ||| qw: Game counter: 70
     0 | D:1      | 0 ||| qw: Always use a shield: true
     0 | D:1      | 0 ||| qw: God list: Okawaru
     0 | D:1      | 0 ||| qw: Allow faded altars: false
     0 | D:1      | 0 ||| qw: Do Orc after D:15 true
     0 | D:1      | 0 ||| qw: Do second Lair branch before Depths: true
     0 | D:1      | 0 ||| qw: Lair rune preference: random
     0 | D:1      | 0 ||| qw: Plans: Normal
     0 | D:1      | 0 ||| PLANNING D:1-11
    18 | D:1      | Found a faded altar of an unknown god.
   177 | D:1      | 177 ||| Stepping ~*~*~tactically~*~*~ (hiding).
   184 | D:1      | Reached skill level 3 in Axes
   184 | D:1      | Reached XP level 2. HP: 14/17 MP: 6/6
   707 | D:1      | 707 ||| READING 2 scrolls labelled IZAOCI REPUCO.
   710 | D:1      | 710 ||| READING scroll labelled GIQIXKUGEQ.
   710 | D:1      | Identified a scroll of acquirement
   710 | D:1      | 710 ||| ACQUIRING +4 chain mail of Too Many Cooks {rN+
                  | Str-2 Int+4}
   710 | D:1      | Acquired the +4 chain mail of Too Many Cooks {rN+ Str-2
                  | Int+4}
   712 | D:1      | 712 ||| UPGRADING to +4 chain mail of Too Many Cooks {rN+
                  | Str-2 Int+4}.
   722 | D:1      | 722 ||| DROPPING +0 leather armour.
   723 | D:1      | 723 ||| READING 2 scrolls labelled WIRAYM GAYT.
   724 | D:1      | 724 ||| READING scroll labelled FYIC SUC GACYA.
   725 | D:1      | 725 ||| DRINKING 3 puce potions.
   726 | D:1      | 726 ||| DROPPING scroll of blinking.
   781 | D:2      | Reached XP level 3. HP: 20/21 MP: 7/7
   910 | D:2      | Reached skill level 4 in Axes
   980 | D:2      | Found a basalt altar of Yredelemnul.
   981 | D:2      | Found Zoceyny's Magic Scroll Shoppe.
   995 | D:2      | 995 ||| SHOPLISTING scroll of brand weapon (114 gold, have
                  | 78).
   995 | D:2      | 995 ||| SHOPLISTING scroll of enchant weapon (90 gold, have
                  | 78).
   995 | D:2      | 995 ||| BUYING scroll of identify (24 gold).
   995 | D:2      | Bought a scroll of identify for 24 gold pieces
   995 | D:2      | 995 ||| BUYING scroll of identify (24 gold).
   995 | D:2      | Bought a scroll of identify for 24 gold pieces
   995 | D:2      | 995 ||| SHOPLISTING scroll of teleportation (36 gold, have
                  | 30).
  1156 | D:2      | HP: 3/21 [frozen (4)]
  1157 | D:2      | 1157 ||| READING scroll of teleportation.
  1157 | D:2      | Frozen to death by an endoplasm

Levels and vault maps discovered:
D:1:      minmay_arrival_arboretum_small, layout_loops_ring,
          ebering_ecumenical_altar_petrified, st_stairs_5, kennysheep_crisscross
D:2:      layout_basic, basic_altar, serial_shops, nicolae_square_shop,
          nicolae_lakefront_shop, shop

Skill      XL: |  1  2  3 |
---------------+----------+-----
Axes           | 3 4 |  4.3
Fighting       | |  2.0
Throwing       | |  1.0
Armour         | |  1.1
Dodging        | |  2.1
Spellcasting   | |  2.0
Translocations | |  2.4

Action                   || total
-------------------------++-------
Melee: Hand axe          ||    57
       Peck              ||    10
       Kick              ||    12
Throw: Boomerang         ||     7
       Javelin           ||    15
  Use: Scroll            ||     5
       Potion            ||     1
Armor: Leather armour    ||     3
       Chain mail        ||    17
Dodge: Dodged            ||    13

Table legend:
 A = Non-vault XP
 B = Vault XP
 C = Vault XP percentage of total XP
 D = Non-vault monster count
 E = Vault monster count
 F = Vault count percentage of total count
                 A         B        C        D         E       F
            +---------+---------+-------+---------+---------+-------
      Total |      66 |       2 |   2.9 |      28 |       1 |   3.4
            +---------+---------+-------+---------+---------+-------
        D:1 |      28 |       2 |   6.7 |      16 |       1 |   5.9
        D:2 |      38 |       0 |   0.0 |      12 |       0 |   0.0
            +---------+---------+-------+---------+---------+-------
